 Dungeon Sprint DCSS version 0.16-a0-4083-g5af668b (webtiles) character file.

163 Hedron the Basher (level 5, -6/45 HPs)
             Began as a Minotaur Fighter on Feb 22, 2015.
             Was a Follower of Okawaru.
             Mangled by a hill giant
             ... wielding a +0 giant club
              (23 damage)
             ... in the Dungeon (Sprint IX: "|||||||||||||||||||||||||||||").
             The game lasted 00:02:16 (242 turns).

Hedron the Basher (Minotaur Fighter)                 Turns: 242, Time: 00:02:16

Health: -6/45      AC: 17    Str: 21    XL:     5   Next: 20%
Magic:  2/2        EV:  3    Int:  5    God:    Okawaru [*.....]
Gold:   0          SH:  9    Dex: 10    Spells: 0 memorised, 4 levels left

rFire  . . .     SeeInvis .     q - +2 morningstar (protect)
rCold  . . .     Clarity  .     s - +0 plate armour
rNeg   . . .     SustAb   .     c - +0 shield
rPois  .         Gourm    .     (helmet restricted)
rElec  .         Spirit   .     (no cloak)
rCorr  .         Warding  .     (no gloves)
rMut   .         NoTele   +     r - +0 pair of boots
MR     .....                    (no amulet)
Stlth  ..........               (no ring)
                                (no ring)

@: not resistant to hostile enchantments, extremely unstealthy
A: retaliatory headbutt, horns 2
a: Heroism, Renounce Religion


You were in the Dungeon.
You worshipped Okawaru.
Okawaru was aware of your devotion.
You were not hungry.

You visited 1 branch

Inventory:

Hand weapons
 q - a +2 morningstar of protection (weapon)
Armour
 c - a +0 shield (worn)
 r - a +0 pair of boots (worn)
 s - a +0 plate armour (worn)
Magical devices
 p - a wand of draining (6)
Scrolls
 k - 2 scrolls of blinking
 n - 3 scrolls of remove curse
 o - 2 scrolls of amnesia
Potions
 e - a potion of might
 f - 2 potions of curing
 g - a potion of heal wounds
 h - a potion of haste
 i - 4 potions of magic
 j - a potion of berserk rage
 m - a potion of invisibility
Comestibles
 d - a bread ration
 l - a chunk of flesh


   Skills:
 - Level 3.6 Fighting
 + Level 12.5 Maces & Flails
 - Level 3.6 Armour
 - Level 3.6 Shields


You had 4 spell levels left.
You didn't know any spells.

Dungeon Overview and Level Annotations

Branches:
Dungeon (1/1)

Altars:
Cheibriados
Dithmenos
Elyvilon
Fedhas
Gozag
Kikubaaqudgha
Makhleb
Nemelex Xobeh
Okawaru
Qazlal
Ru
Sif Muna
Trog
Vehumet
Xom
Yredelemnul
Zin
The Shining One
Beogh
Jiyva
Lugonu


Innate Abilities, Weirdness & Mutations

You reflexively headbutt those who attack you in melee.
You have a pair of horns on your head.


Message History

You hit the wyvern.
You kill the wyvern!
Okawaru is honoured by your kill.
You can now gain great but temporary skills.
Your Maces & Flails skill gained 6 levels and is now at level 12!
You have reached level 3!
Your experience leads to an increase in your attributes!
Increase (S)trength, (I)ntelligence, or (D)exterity?
You feel stronger.
You have reached level 4!
You feel agile.
You have reached level 5!
You hit the hill giant. You headbutt the hill giant.
The hill giant is moderately wounded.
The hill giant hits you with a giant club!
You hit the hill giant.
The hill giant is moderately wounded.
The hill giant hits you with a giant club!!
Ouch! That really hurt!
You die... ▓▓▓▓▓▓▓▓▓▓▓▓▓▓▓▓▓▓▓▓▓▓▓▓▓ _______'..|).[..@C.)....+ ▓▓▓▓▓▓▓▓▓▓▓▓▓▓▓▓▓▓▓▓▓▓▓▓▓

You could see a hill giant.

Vanquished Creatures
  A wyvern (D)
  An adder (D)
  An orc (D)
  A hobgoblin (D)
  A quokka (D)
  A bat (D)
  A giant gecko (D)
  3 goblins (D)
  A kobold (D)
  A quokka skeleton (D)
  A rat (D)
13 creatures vanquished.

Vanquished Creatures (others)
  A crimson imp (D)
  A giant spore (D)
2 creatures vanquished.

Grand Total: 15 creatures vanquished

Notes
Turn   | Place    | Note
--------------------------------------------------------------
     0 | D        | Hedron, the Minotaur Fighter, began the quest for the Orb.
     0 | D        | Reached XP level 1. HP: 19/19 MP: 1/1
    24 | D        | Reached skill level 4 in Maces & Flails
    78 | D        | Reached skill level 5 in Maces & Flails
    82 | D        | Reached XP level 2. HP: 26/26 MP: 1/1
    85 | D        | Reached skill level 6 in Maces & Flails
   138 | D        | Found a glowing silver altar of Zin.
   138 | D        | Found a glowing golden altar of the Shining One.
   138 | D        | Found an ancient bone altar of Kikubaaqudgha.
   138 | D        | Found a basalt altar of Yredelemnul.
   138 | D        | Found a shimmering altar of Xom.
   138 | D        | Found a radiant altar of Vehumet.
   138 | D        | Found an iron altar of Okawaru.
   139 | D        | Found a burning altar of Makhleb.
   140 | D        | Found a deep blue altar of Sif Muna.
   141 | D        | Found a bloodstained altar of Trog.
   142 | D        | Found a sparkling altar of Nemelex Xobeh.
   143 | D        | Found a white marble altar of Elyvilon.
   144 | D        | Found a roughly hewn altar of Beogh.
   145 | D        | Found a viscous altar of Jiyva.
   146 | D        | Found a corrupted altar of Lugonu.
   147 | D        | Found a blossoming altar of Fedhas.
   148 | D        | Found a snail-covered altar of Cheibriados.
   149 | D        | Found a shadowy altar of Dithmenos.
   150 | D        | Found a stormy altar of Qazlal.
   151 | D        | Found an opulent altar of Gozag.
   152 | D        | Found a sacrificial altar of Ru.
   167 | D        | Became a worshipper of Warmaster Okawaru
   221 | D        | Noticed a crimson imp
   221 | D        | Noticed a wyvern
   221 | D        | Noticed a hill giant
   221 | D        | Killed a crimson imp
   240 | D        | Killed a wyvern
   240 | D        | Acquired Okawaru's first power
   240 | D        | Reached skill level 12 in Maces & Flails
   240 | D        | Reached XP level 3. HP: 22/31 MP: 2/2
   240 | D        | Reached XP level 4. HP: 27/39 MP: 2/2
   240 | D        | Reached XP level 5. HP: 31/45 MP: 2/2
   242 | D        | Mangled by a hill giant

Action                   |  1- 3 |  4- 6 || total
-------------------------+-------+-------++-------
Melee: Flail             |    32 |       ||    32
       Morningstar       |    11 |     2 ||    13
Evoke: Wand              |     1 |       ||     1
  Use: Potion            |     5 |       ||     5
